 Dungeon Crawl Stone Soup version 0.29.0-4-gdea44cf6ec (webtiles) character file.

Game seed: 16405557481404020413

30 qw the Chopper (level 3, -1/21 HPs)
             Began as a Tengu Warper on Aug 28, 2022.
             Killed from afar by Natasha (8 damage)
             ... with a magic dart
             ... on level 2 of the Dungeon.
             The game lasted 00:00:07 (1160 turns).

qw the Chopper (Tengu Warper)                       Turns: 1160, Time: 00:00:07

Health: -1/21      AC:  3    Str: 13    XL:     3   Next: 20%
Magic:  7/7        EV: 12    Int: 13    God:
Gold:   91         SH:  0    Dex: 13    Spells: 6/6 levels left

rFire   . . .      SeeInvis .   m - +0 hand axe (vamp)
rCold   . . .      Faith    .   (no shield)
rNeg    . . .      Spirit   .   b - +0 leather armour
rPois   .          Reflect  .   (helmet restricted)
rElec   .          Harm     .   (no cloak)
rCorr   .          Rampage  .   (no gloves)
Will    .....                   (boots unavailable)
Stlth   +.........              (no amulet)
HPRegen 0.07/turn               (no ring)
MPRegen 0.10/turn               (no ring)

@: no status effects
A: beak, talons 3
a: no special abilities


You were on level 2 of the Dungeon.
You visited 1 branch of the dungeon, and saw 2 of its levels.

You collected 91 gold pieces.


Innate Abilities, Weirdness & Mutations

You have a beak for a mouth.
You have claws for feet.


   Skills:
 - Level 2.0 Fighting
 + Level 3.9 Axes
 - Level 1.0 Throwing
 - Level 1.1 Armour
 - Level 2.1 Dodging
 - Level 2.0 Spellcasting
 - Level 2.4 Translocations


You had 6 spell levels left.
You didn't know any spells.
Your spell library contained the following spells:

 Spells                   Type           Power      Damage    Failure   Level
 Blink                    Tloc           14%        N/A       19%         2
 Gell's Gravitas          Tloc           7%         N/A       36%         3
 Lesser Beckoning         Tloc           7%         N/A       36%         3
 Teleport Other           Tloc           7%         N/A       36%         3
 Manifold Assault         Tloc           7%         N/A       98%         5

Inventory:

Hand Weapons
 h - a +0 mace
 m - a +0 vampiric hand axe (weapon)
Armour
 a - a +0 ring mail
 b - a +0 leather armour (worn)
Potions
 d - a potion of heal wounds {unknown}
 f - a potion of ambrosia {unknown}
 k - a potion of magic {unknown}

Dungeon Overview and Level Annotations

Branches:
Dungeon (2/15)

Altars:

Annotations:
D:2 Natasha


Message History

The hobgoblin is lightly wounded.
The hobgoblin hits you but does no damage.
You hit the hobgoblin.
You feel better.
You kill the hobgoblin!
a - a +0 ring mail
Found a stone staircase leading up.
Enter note: Natasha, Servant of Life and Death comes into view.
Natasha hisses angrily.
Natasha extends her claws.
Natasha mumbles some strange words.
You feel troubled. Natasha claws you but does no damage.
You hit Natasha. You claw Natasha.
Natasha is lightly wounded.
Natasha mumbles some strange words.
You barely miss Natasha. You claw Natasha, but do no damage.
Your peck misses Natasha.
Natasha is lightly wounded.
Natasha closely misses you.
You hit Natasha. Your kick misses Natasha.
Natasha is heavily wounded.
You hit the shadow imp. Natasha closely misses you. The shadow imp hits you.
You hit Natasha but do no damage. You claw Natasha.
Natasha is severely wounded.
You hit the shadow imp but do no damage.
Natasha stares at you and mumbles some strange words.
The magic dart hits you. The shadow imp barely misses you.
You closely miss Natasha. Your kick misses Natasha.
Natasha is severely wounded.
You hit the shadow imp. Natasha casts a spell at you. The magic dart hits you.
The shadow imp hits you.
You miss Natasha. You claw Natasha.
Natasha is almost dead.
You hit the shadow imp but do no damage.
Natasha stares at you and mumbles some strange words.
The magic dart hits you!
You die...

... ... ....
.....#####
.....#...#
<......#h# #.5@#
##.## #.# #.#
####### #.#
#.....# #.#
###.###.#######.#
................#
###.###.#########


You could see Natasha and a shadow imp (summoned).

Vanquished Creatures
  A dart slug (D:1)
  7 bats (D:1)
  2 endoplasms (D:1)
  A giant cockroach (D:1)
  A goblin (D:1)
  2 hobgoblins
  2 kobolds (D:1)
  3 quokkas (D:1)
  3 ball pythons (D:1)
  2 frilled lizards (D:1)
  3 rats (D:1)
27 creatures vanquished.

Notes
Turn   | Place    | Note
-------+----------+-------------------------------------------
     0 | D:1      | qw the Tengu Warper began the quest for the Orb.
     0 | D:1      | Reached XP level 1. HP: 12/12 MP: 4/4
     0 | D:1      | 0 ||| qw: Version: 0.1-a-89-g26bdef1
     0 | D:1      | 0 ||| qw: Game counter: 3158
     0 | D:1      | 0 ||| qw: Always use a shield: true
     0 | D:1      | 0 ||| qw: God list: Okawaru
     0 | D:1      | 0 ||| qw: Allow faded altars: false
     0 | D:1      | 0 ||| qw: Do Orc after D:15 true
     0 | D:1      | 0 ||| qw: Do second Lair branch before Depths: true
     0 | D:1      | 0 ||| qw: Lair rune preference: random
     0 | D:1      | 0 ||| qw: Plans: Normal
     0 | D:1      | 0 ||| PLANNING D:1-11
    42 | D:1      | Found a faded altar of an unknown god.
   156 | D:1      | 156 ||| Stepping ~*~*~tactically~*~*~ (stealth).
   157 | D:1      | 157 ||| Stepping ~*~*~tactically~*~*~ (stealth).
   176 | D:1      | 176 ||| Stepping ~*~*~tactically~*~*~ (stealth).
   179 | D:1      | 179 ||| Stepping ~*~*~tactically~*~*~ (stealth).
   182 | D:1      | Reached skill level 3 in Axes
   182 | D:1      | Reached XP level 2. HP: 17/17 MP: 6/6
   433 | D:1      | 433 ||| Stepping ~*~*~tactically~*~*~ (stealth).
   632 | D:1      | Reached XP level 3. HP: 21/21 MP: 7/7
   752 | D:1      | 752 ||| Stepping ~*~*~tactically~*~*~ (stealth).
  1077 | D:1      | 1077 ||| DROPPING ring of flight.
  1078 | D:1      | 1078 ||| DROPPING ring of wizardry.
  1079 | D:1      | 1079 ||| READING scroll labelled JOBAGO IGAENGOA.
  1082 | D:1      | 1082 ||| READING scroll labelled YNTUISITZI.
  1083 | D:1      | 1083 ||| READING scroll labelled RADURU KOAPH.
  1084 | D:1      | 1084 ||| READING scroll labelled YBRUBA LUOFY.
  1085 | D:1      | 1085 ||| DROPPING scroll of blinking.
  1154 | D:2      | Noticed Natasha
  1160 | D:2      | Killed from afar by Natasha

Levels and vault maps discovered:
D:1:      mrwooster_arrival_arrow, layout_basic, shapermc_ecumenical_altar_venn,
          hangedman_feature_mirror, palyth_stone_intersect, minmay_pentomino_o4
D:2:      layout_loops_ring, basic_altar, minmay_misc_feat_rugged,
          kennysheep_generic_room_6, uniq_natasha

Skill      XL: |  1 |
---------------+----+-----
Axes           | 3 |  3.9
Fighting       | |  2.0
Throwing       | |  1.0
Armour         | |  1.1
Dodging        | |  2.1
Spellcasting   | |  2.0
Translocations | |  2.4

Action                   || total
-------------------------++-------
Melee: Hand axe          ||    62
       Kick              ||    17
       Peck              ||     4
       Punch             ||     2
Throw: Boomerang         ||     7
  Use: Scroll            ||     4
Armor: Leather armour    ||    13
Dodge: Dodged            ||    31

Table legend:
 A = Non-vault XP
 B = Vault XP
 C = Vault XP percentage of total XP
 D = Non-vault monster count
 E = Vault monster count
 F = Vault count percentage of total count
                 A         B        C        D         E       F
            +---------+---------+-------+---------+---------+-------
      Total |      38 |       6 |  13.6 |      23 |       4 |  14.8
            +---------+---------+-------+---------+---------+-------
        D:1 |      36 |       6 |  14.3 |      22 |       4 |  15.4
        D:2 |       2 |       0 |   0.0 |       1 |       0 |   0.0
            +---------+---------+-------+---------+---------+-------
